 Dungeon Crawl Stone Soup version 0.31-a0-879-g1609e0ac53 (webtiles) character file.

Game seed: 1426450742357231037

376631 arthad the Warrior (level 22, 0/126 HPs)
             Began as a Vine Stalker Fighter on Oct 12, 2023.
             Was the Champion of Okawaru.
             Slain by a minotaur simulacrum (1 damage)
             ... in an ice cave on Oct 14, 2023.
             The game lasted 02:08:21 (39908 turns).

arthad the Warrior (Vine Stalker Fighter)          Turns: 39908, Time: 02:08:21

Health: 0/126      AC: 34    Str: 34    XL:     22   Next: 79%
Magic:  0/15       EV: 10    Int:  5    God:    Okawaru [******]
Gold:   1716       SH: 37    Dex: 25    Spells: 16/28 levels left

rFire   + + .        z - +5 demon whip "Spellbinder" {antimagic, disrupt, Will+}
rCold   + + .        Q - +10 tower shield of Ignorance {rN+ Int-4}
rNeg    + + .        g - +6 plate armour "Quatur" {Str-5 Dex+6 Slay+6}
rPois   +            S - +1 helmet {Int+3}
rElec   +            L - scarf of the Onion {rC+ rF+, Fly rPois Str+4 Int-2}
rCorr   +            t - +2 pair of gloves {Dex+3}
SInv    +            b - +2 pair of boots {rampage}
Will    ++++.        r - amulet "Eqisyss" {Reflect Str+4 SH+5} Stlth
                     q - ring "Miefaado" {rElec rN+ Str+3 SInv}
HPRegen 1.21/turn    A - ring of magical power
MPRegen 0.14/turn

%: reflection, guardian spirit, rampage
@: resistant, enlightened, flying, very slightly contaminated, constricted,
studying 2 skills
A: fangs 3, regeneration 1, magic shield, antimagic bite, no potion heal 2,
iridescent scales 1, high MP 1
}: 2/15 runes: barnacled, gossamer
a: Renounce Religion, Heroism, Finesse, Duel, Receive Weapon


You were in an ice cave.
You worshipped Okawaru.
Okawaru was exalted by your worship.
You visited 9 branches of the dungeon, and saw 39 of its levels.
You also visited: Ice Cave and Wizlab.

You collected 4300 gold pieces.
You spent 2584 gold pieces at shops.

Inventory:

Hand Weapons
 z - the +5 demon whip "Spellbinder" (weapon) {antimagic, disrupt, Will+}
   (You took it off a centaur warrior on level 8 of the Dungeon)

   Will+:     It increases your willpower.
 M - a +6 vampiric eveningstar
Missiles
 n - 12 poisoned darts
 o - 48 boomerangs (quivered)
 u - 20 atropa-tipped darts
 v - 11 javelins
 w - 9 throwing nets
 J - 5 datura-tipped darts
 V - 32 silver javelins
 W - 16 curare-tipped darts
 X - 4 darts of dispersal
Armour
 b - a +2 pair of boots of rampaging (worn)
 g - the +6 plate armour "Quatur" (worn) {Str-5 Dex+6 Slay+6}
   (You found it on level 4 of the Vaults)

   Str-5:     It affects your strength (-5).
   Dex+6:     It affects your dexterity (+6).
   Slay+6:    It affects your accuracy & damage with ranged weapons and melee
   (+6).
 t - a +2 pair of gloves of dexterity (worn)
 L - the scarf of the Onion (worn) {rC+ rF+, Fly rPois Str+4 Int-2}
   (Okawaru gifted it to you on level 11 of the Dungeon)

   Str+4:     It affects your strength (+4).
   Int-2:     It affects your intelligence (-2).
   rPois:     It protects you from poison Fly: It grants you flight.
 Q - the +10 tower shield of Ignorance (worn) {rN+ Int-4}
   (You found it on level 2 of the Orcish Mines)

   Int-4:     It affects your intelligence (-4).
   rN+:       It protects you from negative energy.
 S - a +1 helmet of intelligence (worn)
 T - the +3 hat of Pondering {ponderous, Will+ MP+10 Int+5}
   (You found it on level 2 of the Shoals)

   Int+5:     It affects your intelligence (+5).
   Will+:     It increases your willpower.
   MP+10:     It affects your magic capacity (+10).
Jewellery
 l - a ring of ice
 q - the ring "Miefaado" (left hand) {rElec rN+ Str+3 SInv}
   (You found it on level 4 of the Shoals)

   [ring of see invisible]

   Str+3:     It affects your strength (+3).
   rElec:     It insulates you from electricity.
   rN+:       It protects you from negative energy.
   SInv:      It lets you see invisible.
 r - the amulet "Eqisyss" (around neck) {Reflect Str+4 SH+5}
   (You found it on level 3 of the Dungeon)

   [amulet of reflection]

   Reflect:   It reflects blocked missile attacks.
   Str+4:     It affects your strength (+4).
   SH+5:      It affects your SH (+5).
 A - a ring of magical power (right hand)
Wands
 a - a wand of iceblast (19)
 e - a wand of light (15)
 D - a wand of paralysis (30)
 E - a wand of flame (76)
 K - a wand of mindburst (26)
 P - a wand of digging (3)
Scrolls
 i - 4 scrolls of fear
 j - 10 scrolls of teleportation
 p - 7 scrolls of poison
 y - 2 scrolls of revelation
 C - 3 scrolls of enchant armour
 H - 7 scrolls of fog
 I - 10 scrolls of immolation
 N - a scroll of blinking
Potions
 c - 2 potions of magic
 d - 3 potions of ambrosia
 f - 6 potions of enlightenment
 h - 2 potions of haste
 k - 6 potions of brilliance
 m - 4 potions of might
 s - 4 potions of curing
 B - 3 potions of cancellation
 F - a potion of berserk rage
 G - 3 potions of resistance
 O - 5 potions of mutation
 Y - 3 potions of invisibility
Miscellaneous
 x - a condenser vane
 R - a sack of spiders
 U - a lightning rod (4/4)
 Z - a phial of floods


   Skills:
 * Level 16.6 Fighting
 * Level 15.0 Maces & Flails
 + Level 9.4 Throwing
 * Level 13.7 Armour
 + Level 7.4 Dodging
 - Level 8.0 Stealth
 * Level 14.9 Shields
 - Level 3.9 Spellcasting
 - Level 4.0 Conjurations
 - Level 6.0 Translocations
 - Level 3.9 Transmutations
 - Level 3.9 Fire Magic
 - Level 4.1 Poison Magic
 * Level 15.5 Invocations
 - Level 6.0 Evocations


You had 16 spell levels left.
You knew the following spells:

 Your Spells              Type           Power      Damage    Failure   Level
a - Poisonous Vapours     Pois/Air       6%         N/A       91%         2
b - Ignite Poison         Fire/Tmut/Pois 4%         N/A       89%         3
c - Olgreb's Toxic Radia  Pois           5%         N/A       99%         4
d - Blink                 Tloc           12%        N/A       41%         2
e - Apportation           Tloc           12%        N/A       28%         1

Your spell library contained the following spells:

 Spells                   Type           Power      Damage    Failure   Level
 Lesser Beckoning         Tloc           12%        N/A       41%         2
 Magic Dart               Conj           20%        1d4       54%         1
 Sting                    Tmut/Pois      20%        1d4       54%         1
 Momentum Strike          Conj/Tloc      10%        3d8       54%         2
 Gell's Gravitas          Tloc           6%         N/A       65%         3
 Teleport Other           Tloc           6%         N/A       65%         3
 Searing Ray              Conj           10%        2d4       67%         2
 Volatile Blastmotes      Fire/Tloc      10%        2d10      78%         3
 Shock                    Conj/Air       8%         1d3       83%         1
 Passwall                 Tmut/Erth      1%         N/A       92%         2
 Static Discharge         Conj/Air       4%         2-3/arc   92%         2
 Cigotuvi's Dreadful Rot  Necr/Pois/Air  4%         N/A       96%         2
 Manifold Assault         Tloc           6%         N/A       96%         4
 Necrotise                Necr           0%         1d4       98%         1
 Sandblast                Erth           0%         2d4       98%         1
 Dazzling Flash           Conj/Hex       4%         N/A       99%         3
 Hailstorm                Conj/Ice       2%         3d3       99%         3
 Stone Arrow              Conj/Erth      4%         3d7       99%         3
 Iskenderun's Mystic Bla  Conj/Tloc      5%         2d3       99%         4
 Swiftness                Air            0%         N/A       100%        3
 Airstrike                Air            0%         2d(0-16)  100%        4
 Brom's Barrelling Bould  Conj/Erth      2%         2d3       100%        4
 Dimensional Bullseye     Hex/Tloc       1%         N/A       100%        4
 Dispel Undead            Necr           0%         3d6       100%        4
 Fulminant Prism          Conj/Hex       1%         3d5       100%        4
 Sticky Flame             Conj/Fire      4%         2d3       100%        4
 Vhi's Electric Charge    Tloc/Air       6%         N/A       100%        4
 Arcjolt                  Conj/Air       1%         1d11      100%        5
 Freezing Cloud           Conj/Ice/Air   1%         6-21      100%        5
 Dispersal                Tloc           3%         N/A       100%        6
 Plasma Beam              Fire/Air       1%         2x1d11    100%        6
 Starburst                Conj/Fire      2%         6d3       100%        6
 Orb of Destruction       Conj           2%         9d5       100%        7
 Ignition                 Fire           2%         3d3       100%        8
 Lehudib's Crystal Spear  Conj/Erth      1%         10d2      100%        8
 Maxwell's Capacitive Co  Air            0%         ∞         100%        8
 Summon Small Mammal      Summ           Unusable   N/A       N/A         1
 Call Imp                 Summ           Unusable   N/A       N/A         2
 Call Canine Familiar     Summ           Unusable   N/A       N/A         3
 Summon Guardian Golem    Hex/Summ       Unusable   N/A       N/A         3
 Tukima's Dance           Hex            Unusable   N/A       N/A         3
 Animate Armour           Summ/Erth      Unusable   N/A       N/A         4
 Summon Ice Beast         Ice/Summ       Unusable   N/A       N/A         4
 Summon Lightning Spire   Summ/Air       Unusable   N/A       N/A         4
 Summon Forest            Summ/Tloc      Unusable   N/A       N/A         5
 Death Channel            Necr           Unusable   N/A       N/A         6
 Simulacrum               Ice/Necr       Unusable   N/A       N/A         6
 Malign Gateway           Summ/Tloc      Unusable   N/A       N/A         7
 Spellforged Servitor     Conj/Summ      Unusable   N/A       N/A         7
 Summon Horrible Things   Summ           Unusable   N/A       N/A         8

Dungeon Overview and Level Annotations

Branches:
Dungeon (15/15)            Temple (1/1) D:4            Lair (5/5) D:10
 Shoals (4/4) Lair:3       Spider (4/4) Lair:3        Slime (0/5) Lair:5
    Orc (2/2) D:11            Elf (3/3) Orc:2        Vaults (4/5) D:13
  Crypt (0/3) Vaults:2     Depths (1/4) D:15          IceCv (1/1)
 WizLab (visited)

Altars:
Ashenzari
Cheibriados
Dithmenos
Elyvilon
Fedhas
Gozag
Hepliaklqana
Kikubaaqudgha
Makhleb
Nemelex Xobeh
Okawaru
Qazlal
Ru
Sif Muna
Trog
Uskayaw
Vehumet
Wu Jian
Xom
Yredelemnul
Zin
The Shining One
Jiyva
Lugonu

Shops:
D:1 *   D:2 (   D:7 [   D:8 *   D:10 [   D:15 *   Orc:2 !(([   Elf:2 :
Vaults:1 :

Portals:
Abyss: Lair:5

Annotations:
D:9 3 transporters
D:15 1 transporter
Orc:2 1 runed translucent door, exclusion: 4 orange crystal statues
Vaults:1 3 runed translucent doors, Joextigh's ghost, veteran KoHu; Luiw's ghost, veteran HOBe; Woitib's ghost, adept GrFE
Depths:1 Mara


Innate Abilities, Weirdness & Mutations

You have razor-sharp teeth.
Your natural rate of healing is unusually fast.
When hurt, damage is shared between your health and your magic reserves.
Your bite disrupts and absorbs the magic of your enemies.
Potions cannot restore your health.
You are partially covered in iridescent scales. (AC +2)
You have an increased reservoir of magic. (+10% MP)


Message History

The anaconda simulacrum barely misses you.
The anaconda simulacrum constricts you.
The spriggan defender simulacrum barely misses you.
You bump into the ice covered rock wall.
The anaconda simulacrum bites you but does no damage.
The anaconda simulacrum constricts you.
The spriggan defender simulacrum completely misses you.
The anaconda simulacrum closely misses you.
The anaconda simulacrum constricts you.
* * * LOW HITPOINT WARNING * * *
You whack the minotaur simulacrum! You bite the minotaur simulacrum!
You drain its power.
You feel invigorated.
The minotaur simulacrum is severely damaged.
The spriggan defender simulacrum closely misses you.
The anaconda simulacrum closely misses you.
The anaconda simulacrum constricts you.
You bump into the ice covered rock wall.
The spriggan defender simulacrum hits you but does no damage.
The anaconda simulacrum bites you but does no damage.
The anaconda simulacrum constricts you.
* * * LOW HITPOINT WARNING * * *
The minotaur simulacrum hits you!
* * * LOW HITPOINT WARNING * * *
The minotaur simulacrum freezes you! You resist.
* * * LOW HITPOINT WARNING * * *
The minotaur simulacrum gores you but does no damage.
You are too confused!
Your system rejects the healing.
You feel better.
You feel less invigorated.
You block the spriggan defender simulacrum's attack.
The anaconda simulacrum bites you but does no damage.
The anaconda simulacrum constricts you.
You block the spriggan defender simulacrum's attack.
The anaconda simulacrum closely misses you.
The anaconda simulacrum constricts you.
* * * LOW HITPOINT WARNING * * *
You block the minotaur simulacrum's attack.
The minotaur simulacrum gores you.
* * * LOW HITPOINT WARNING * * *
The minotaur simulacrum freezes you. You resist.
You die...

...#####..####.....##
.....##....##.......#
.∩.......#..........#
........###.........#
...##..## ###......##
..###### ##.Z...# ###
#...ZZ.#


#ZZZZ## #.@## #### You could see an anaconda simulacrum, a dire elephant
simulacrum, a lindwurm simulacrum, a spriggan defender simulacrum, 2 minotaur
simulacra and a deep troll simulacrum.

Vanquished Creatures
  Nikola (Depths:1)
  Rupert (Lair:4)
  Jorgrun (D:13)
  A lich (Vaults:1)
  Mlioglotl (Spider:3)
  7 sphinxes
  3 acid blobs (Lair:5)
  Polyphemus (Shoals:3)
  Frances (Elf:1)
  Kirke (Lair:3)
  Aizul (Elf:1)
  A fenstrider witch (Shoals:4)
  Ilsuiw (Arena)
  A tengu reaver (Vaults:4)
  A fire giant (D:15)
  2 deep elf sorcerers (Elf:2)
  8 vault wardens
  4 ghost moths
  9 emperor scorpions
  2 orc warlords
  10 ironbound preservers
  A cacodemon (Depths:1)
  A reaper (D:15)
  A formless jellyfish (Vaults:4)
  A very ugly thing (D:15)
  2 broodmothers
  4 war gargoyles
  4 ironbound thunderhulks
  2 deep elf demonologists (Elf:1)
  8 dire elephants
  Azrael (D:13)
  Nessos (D:13)
  A spark wasp (Depths:1)
  An orange crystal statue (WizLab)
  An ettin (Vaults:2)
  Snorg (D:13)
  7 merfolk javelineers
  9 fire dragons
  Fannar (Orc:1)
  6 merfolk impalers
  8 hydras
  An ice dragon (D:15)
  3 peacekeepers
  4 entropy weavers
  13 yaktaur captains
  9 great orbs of eyes
  A jorogumo (Spider:2)
  Harold (D:12)
  The ghost of gelatine the Cleaver, a journeyman DsGl (Lair:1)
  3 catoblepae
  A hell beast (D:15)
  8 ironbound frosthearts
  A jorogumo (shapeshifter) (D:9)
  14 centaur warriors
  3 merfolk avatars
  2 alligator snapping turtles
  10 merfolk aquamancers
  5 radroaches
  6 two-headed ogres
  A vampire mage (Vaults:2)
  5 boulder beetles
  7 demonic crawlers
  31 dancing weapons
  3 thrashing horrors (Lair:5)
  4 death yaks
  A sun demon (D:15)
  Urug (D:13)
  15 deep elf knights
  3 skeletal warriors
  2 skysharks
  2 sun moths
  11 orb spiders
  8 pharaoh ants
  10 sea snakes
  26 deep trolls
  6 bog bodies (Shoals:2)
  An obsidian statue (Vaults:4)
  A glowing orange brain (Vaults:4)
  5 wizards
  Pikel (D:7)
  9 deep elf archers
  9 steelbarb worms
  16 ironbound convokers
  10 orc knights
  7 lindwurms
  A spriggan simulacrum (IceCv)
  26 deep elf pyromancers
  15 harpies
  3 orc sorcerers
  The ghost of deremet the Covert, a novice GnDe of Hepliaklqana (D:6)
  25 deep elf zephyrmancers
  25 ugly things
  14 wolf spiders
  3 large abominations (Lair:5)
  20 manticores
  5 fauns
  9 cyclopes
  2 moths of wrath (Spider:4)
  An oklob plant (Lair:3)
  4 black mambas
  11 vault sentinels
  12 water nymphs
  12 merfolk sirens
  A guardian serpent (shapeshifter) (Lair:5)
  5 cane toads
  Jeremiah (Lair:1)
  2 smoke demons
  An unseen horror (D:13)
  6 torpor snails
  3 efreet
  2 freezing wraiths
  3 anaconda simulacra (IceCv)
  2 kobold demonologists
  A rime drake (shapeshifter) (Lair:5)
  9 komodo dragons
  2 rime drakes
  39 yaktaurs
  8 trolls
  A queen bee (Spider:3)
  27 merfolk
  A polar bear (shapeshifter) (Lair:5)
  6 wind drakes
  2 raiju (Lair:5)
  2 hornets
  30 tarantellas
  A blink frog (shapeshifter) (Elf:1)
  An alligator simulacrum (IceCv)
  2 dream sheep (Shoals:4)
  23 blink frogs
  11 snapping turtles
  A centaur simulacrum (D:14)
  24 culicivoras
  11 slime creatures
  A spriggan (Lair:5)
  36 jumping spiders
  7 wraiths
  2 shadows
  An air elemental (Elf:2)
  7 wyverns
  4 ynoxinuls
  4 vampires
  39 yaks
  A hog (shapeshifter) (Elf:1)
  4 hogs (Lair:3)
  17 humans
  15 water elementals
  3 fire elementals
  14 vampire mosquitoes
  12 basilisks
  3 steam dragons
  60 redbacks
  A redback simulacrum (D:15)
  2 chaos spawn (Lair:5)
  7 wargs (Orc:2)
  2 acid dragons (D:9)
  A harpy simulacrum (IceCv)
  An acid dragon (shapeshifter) (D:8)
  5 hell hounds
  13 water moccasins
  A swamp drake (D:11)
  43 orc warriors
  3 ice beasts
  A sky beast (D:8)
  A black bear (shapeshifter) (Elf:1)
  3 black bears
  A wolf (Lair:2)
  9 ogres
  4 boggarts
  A lemure (D:7)
  8 centaurs
  4 phantoms
  7 kobold brigands
  13 bullfrogs
  3 earth elementals
  2 gnoll sergeants
  11 scorpions
  13 wights
  A lindwurm simulacrum (IceCv)
  14 killer bees
  4 howler monkeys
  4 electric eels
  A crimson imp (D:11)
  4 hounds
  4 jellies
  14 orc priests
  4 sleepcaps
  2 gnoll boudas
  5 iguanas
  28 orc wizards
  4 hell rats (Lair:2)
  11 small abominations (Lair:5)
  12 gnolls
  10 adders
  3 white imps
  An ufetubus (D:5)
  9 worms
  2 dart slugs
  88 orcs
  8 ball pythons
  9 endoplasms
  3 giant cockroaches
  4 goblins
  7 hobgoblins
  A jackal (D:2)
  3 quokkas
  8 bats
  3 frilled lizards (D:2)
  12 kobolds
  4 rats
1494 creatures vanquished.

Vanquished Creatures (others)
  A ghost moth (Spider:3)
  Josephine (D:10)
  A jorogumo (Spider:1)
  An ironbound convoker (Vaults:3)
  A vault sentinel (Vaults:2)
  Maurice (D:8)
  A merfolk siren (Shoals:1)
  Psyche (D:9)
  A redback (Spider:4)
  A killer bee (D:9)
  2 starspawn tentacles (Spider:4)
12 creatures vanquished.

Grand Total: 1506 creatures vanquished

Notes
Turn   | Place    | Note
-------+----------+-------------------------------------------
     0 | D:1      | arthad the Vine Stalker Fighter began the quest for the
                  | Orb.
     0 | D:1      | Reached XP level 1. HP: 11/11 MP: 2/2
    22 | D:1      | You fall into a shaft and drop 1 floor!
    65 | D:2      | Reached XP level 2. HP: 15/16 MP: 1/3
    78 | D:2      | Reached skill level 3 in Fighting
    83 | D:2      | Reached XP level 3. HP: 20/20 MP: 1/4
   395 | D:1      | Found Suuboofa's General Store.
   419 | D:1      | Bought a potion of might for 56 gold pieces
   485 | D:1      | Reached XP level 4. HP: 24/24 MP: 5/5
   975 | D:2      | Found Kiceyw's Antique Weapon Emporium.
  1514 | D:3      | Identified the amulet "Eqisyss" {Reflect Str+4 SH+5}
  1912 | D:3      | Found a glowing golden altar of the Shining One.
  1912 | D:3      | Found a white marble altar of Elyvilon.
  1912 | D:3      | Found a glowing silver altar of Zin.
  2089 | D:4      | Reached XP level 5. HP: 22/28 MP: 4/6
  2122 | D:4      | Found a staircase to the Ecumenical Temple.
  2138 | Temple   | Entered the Ecumenical Temple
  2167 | Temple   | Became a worshipper of Warmaster Okawaru
  2306 | D:4      | Noticed a phantom
  2315 | D:4      | Killed a phantom
  2316 | D:4      | Reached skill level 1 in Poison Magic
  2316 | D:4      | Reached XP level 6. HP: 31/33 MP: 5/8
  2463 | D:4      | Reached skill level 1 in Conjurations
  2672 | D:5      | Entered Level 5 of the Dungeon
  2698 | D:5      | Reached skill level 1 in Spellcasting
  2698 | D:5      | Reached skill level 1 in Fire Magic
  2804 | D:5      | Reached * piety under Okawaru
  2854 | D:5      | Reached skill level 1 in Transmutations
  2854 | D:5      | Reached XP level 7. HP: 36/37 MP: 10/10
  2928 | D:5      | Reached skill level 4 in Fighting
  2942 | D:5      | Reached skill level 1 in Invocations
  3027 | D:5      | Found a broken altar of Ashenzari.
  3207 | D:5      | Noticed a wyvern
  3213 | D:5      | Killed a wyvern
  3213 | D:5      | Reached ** piety under Okawaru
  3214 | D:5      | Gained mutation: You have razor-sharp teeth. [Vine Stalker
                  | growth]
  3214 | D:5      | Reached XP level 8. HP: 42/42 MP: 11/11
  3480 | D:6      | Found a runed translucent gate.
  3480 | D:6      | Found a runed translucent gate.
  3480 | D:6      | Found a runed translucent gate.
  3481 | D:6      | Noticed deremet's ghost (novice GnDe)
  3526 | D:6      | Found a sparkling altar of Nemelex Xobeh.
  4063 | D:6      | Found a snail-covered altar of Cheibriados.
  4175 | D:7      | Reached *** piety under Okawaru
  4184 | D:7      | Reached skill level 5 in Fighting
  4184 | D:7      | Reached XP level 9. HP: 37/47 MP: 13/13
  4369 | D:7      | Noticed Pikel
  4393 | D:7      | Killed Pikel
  4393 | D:7      | Reached **** piety under Okawaru
  4394 | D:7      | Reached skill level 5 in Shields
  4685 | D:7      | Reached skill level 5 in Maces & Flails
  4839 | D:7      | Found Ocwest's Armour Shop.
  5079 | D:7      | Found a shimmering altar of Xom.
  5234 | D:8      | Reached XP level 10. HP: 43/53 MP: 15/15
  5241 | D:8      | Reached skill level 5 in Armour
  5274 | D:8      | Found a hazy altar of Hepliaklqana.
  5281 | D:8      | Noticed a two-headed ogre
  5294 | D:8      | Killed a two-headed ogre
  5294 | D:8      | Reached ***** piety under Okawaru
  5295 | D:8      | Reached skill level 6 in Fighting
  5432 | D:8      | Found Dufautem's Assorted Antiques.
  5437 | D:8      | Bought a black potion for 29 gold pieces
  5437 | D:8      | Bought a bubbling dark potion for 29 gold pieces
  5437 | D:8      | Bought a scroll labelled YGUIMAO QAHOR for 33 gold pieces
  5437 | D:8      | Bought a scroll labelled JETABI URUBEP for 33 gold pieces
  5437 | D:8      | Bought a glowing green potion for 29 gold pieces
  5506 | D:8      | Noticed a two-headed ogre
  5514 | D:8      | Killed a two-headed ogre
  5586 | D:8      | Reached skill level 5 in Invocations
  5601 | D:8      | Noticed an eight-headed hydra
  5611 | D:8      | Noticed a manticore
  5637 | D:8      | Killed a manticore
  5637 | D:8      | Received a gift from Okawaru
  5707 | D:8      | Noticed a centaur warrior
  5719 | D:8      | Killed a centaur warrior
  5720 | D:8      | Reached XP level 11. HP: 40/58 MP: 14/17
  5777 | D:8      | Found a shimmering blue altar of Sif Muna.
  5778 | D:8      | Found an opulent altar of Gozag.
  5783 | D:8      | Noticed Maurice
  5785 | D:8      | Killed an eight-headed hydra
  5786 | D:8      | Found a broken altar of Ashenzari.
  5786 | D:8      | Found a hide-covered altar of Uskayaw.
  5801 | D:8      | Received a gift from Okawaru
  5806 | D:8      | Killed Maurice
  5904 | D:8      | Learned a level 2 spell: Poisonous Vapours
  5908 | D:8      | Learned a level 3 spell: Ignite Poison
  5913 | D:8      | Learned a level 4 spell: Olgreb's Toxic Radiance
  6961 | D:9      | Found a transporter.
  6963 | D:9      | Noticed a centaur warrior
  6978 | D:9      | Noticed a purple ugly thing
  6978 | D:9      | Noticed a manticore
  6979 | D:9      | Found a transporter.
  6979 | D:9      | Found a transporter.
  7021 | D:9      | Noticed Psyche
  7061 | D:9      | Found a transporter.
  7062 | D:9      | Found a transporter.
  7069 | D:9      | Reached skill level 7 in Fighting
  7459 | D:9      | Noticed an orb spider
  7606 | D:10     | Entered Level 10 of the Dungeon
  7606 | D:10     | Found Uxucrass's Antique Armour Boutique.
  7649 | D:10     | Bought a fading scale mail for 243 gold pieces
  7649 | D:10     | Identified the +6 scale mail "Teppual" {rElec Will+} (You
                  | bought it in a shop on level 10 of the Dungeon)
  7687 | D:10     | Found a bloodstained altar of Trog.
  7687 | D:10     | Found a stormy altar of Qazlal.
  7694 | D:10     | Found a shadowy altar of Dithmenos.
  7695 | D:10     | Identified the +6 war axe of the Neverending Demons {flame,
                  | rPois rC- Dex+3 SInv}
  7701 | D:10     | Found an ornate altar of the Wu Jian Council.
  7703 | D:10     | Found a burning altar of Makhleb.
  7820 | D:10     | Received a gift from Okawaru
  7889 | D:10     | Found a staircase to the Lair.
  7902 | D:10     | Noticed Josephine
  7922 | D:10     | Killed Josephine
  8024 | D:10     | Reached XP level 12. HP: 57/63 MP: 7/18
  8469 | D:11     | Noticed a two-headed ogre
  8475 | D:11     | Noticed a two-headed ogre
  8479 | D:11     | Killed a two-headed ogre
  8485 | D:11     | Killed a two-headed ogre
  8626 | D:11     | Reached ****** piety under Okawaru
  8627 | D:11     | Acquired the scarf of the Onion {rC+ rF+, Fly rPois Str+4
                  | Int-2}
  8627 | D:11     | Received a gift from Okawaru
  8689 | D:11     | Received a gift from Okawaru
  8709 | D:11     | Noticed Harold
  8709 | D:11     | Noticed a two-headed ogre
  8723 | D:11     | Killed a two-headed ogre
  8724 | D:11     | Reached skill level 8 in Fighting
  8759 | D:11     | Found a staircase to the Orcish Mines.
  9426 | D:12     | Killed Harold
  9608 | D:12     | Received a gift from Okawaru
  9788 | D:12     | Reached XP level 13. HP: 44/69 MP: 6/20
 10219 | D:13     | Noticed Urug
 10220 | D:13     | Noticed Nessos
 10232 | D:13     | Killed Nessos
 10244 | D:13     | Killed Urug
 10245 | D:13     | Reached skill level 1 in Throwing
 10245 | D:13     | Reached skill level 1 in Evocations
 10346 | D:13     | Reached skill level 9 in Fighting
 10452 | D:13     | Found a gate to the Vaults.
 10468 | D:13     | Received a gift from Okawaru
 10528 | D:13     | Noticed Azrael
 10545 | D:13     | Killed Azrael
 10816 | D:13     | Noticed Snorg
 10825 | D:13     | Killed Snorg
 10942 | D:13     | Received a gift from Okawaru
 11192 | D:13     | Noticed Jorgrun
 11216 | D:13     | Killed Jorgrun
 11627 | D:14     | Received a gift from Okawaru
 11628 | D:14     | Reached XP level 14. HP: 52/75 MP: 6/21
 12294 | D:15     | Entered Level 15 of the Dungeon
 12313 | D:15     | Found a transporter.
 12315 | D:15     | Found a transporter.
 12375 | D:15     | Received a gift from Okawaru
 12490 | D:15     | Found a transporter.
 12545 | D:15     | Found a transporter.
 12750 | D:15     | Found a staircase to the Depths.
 12830 | D:15     | Found Uskiakh's General Store.
 12892 | D:15     | Reached skill level 10 in Fighting
 13127 | Lair:1   | Entered Level 1 of the Lair of Beasts
 13325 | Lair:1   | Found a runed translucent gate.
 13325 | Lair:1   | Found a runed translucent gate.
 13325 | Lair:1   | Found a runed translucent gate.
 13382 | Lair:1   | Noticed Jeremiah
 13393 | Lair:1   | Killed Jeremiah
 13481 | Lair:1   | Noticed gelatine's ghost (journeyman DsGl)
 13627 | Lair:1   | Received a gift from Okawaru
 13926 | Lair:2   | Reached skill level 10 in Shields
 14183 | Lair:2   | Reached skill level 10 in Maces & Flails
 14189 | Lair:2   | Reached skill level 10 in Invocations
 14776 | Lair:3   | Found a white marble altar of Elyvilon.
 14849 | Lair:3   | Found a hole to the Spider Nest.
 14956 | Lair:3   | Learned a level 2 spell: Blink
 14967 | Lair:3   | Noticed Kirke
 14988 | Lair:3   | Killed Kirke
 15094 | Lair:3   | Received a gift from Okawaru
 15111 | Lair:3   | Found a shimmering blue altar of Sif Muna.
 15125 | Lair:3   | Reached skill level 1 in Stealth
 15667 | Lair:3   | Reached skill level 1 in Translocations
 15673 | Lair:3   | Found a staircase to the Shoals.
 15863 | Lair:4   | Noticed Rupert
 15869 | Lair:4   | Killed Rupert
 15870 | Lair:4   | Reached XP level 15. HP: 78/81 MP: 7/23
 16503 | Lair:4   | Reached skill level 1 in Dodging
 16686 | Lair:5   | Entered Level 5 of the Lair of Beasts
 16900 | Lair:5   | Found a burning altar of Makhleb.
 17033 | Lair:5   | Received a gift from Okawaru
 17190 | Lair:5   | Found a runed translucent door.
 17190 | Lair:5   | Noticed an acid blob
 17191 | Lair:5   | Found a viscous altar of Jiyva.
 17192 | Lair:5   | Found a staircase to the Slime Pits.
 17192 | Lair:5   | Noticed an acid blob
 17192 | Lair:5   | Noticed an acid blob
 17710 | Lair:5   | Received a gift from Okawaru
 17764 | Lair:5   | Found a corrupted altar of Lugonu.
 17765 | Lair:5   | Found a one-way gate to the infinite horrors of the Abyss.
 18051 | Orc:1    | Entered Level 1 of the Orcish Mines
 18102 | Orc:1    | Noticed Fannar
 18117 | Orc:1    | Killed Fannar
 18316 | Orc:2    | Entered Level 2 of the Orcish Mines
 18356 | Orc:2    | Found a staircase to the Elven Halls.
 18867 | Orc:2    | Received a gift from Okawaru
 18932 | Orc:2    | Noticed an orc warlord
 18952 | Orc:2    | Reached skill level 11 in Fighting
 19110 | Orc:2    | Found a runed translucent door.
 19124 | Orc:2    | Found the +10 tower shield of Ignorance {rN+ Int-4}
 19131 | Orc:2    | Found a runed translucent door.
 19290 | Orc:2    | Killed an orc warlord
 19350 | Orc:2    | Found Jeys's Antique Armour Boutique.
 19350 | Orc:2    | Found Akkuoniq's Weapon Shoppe.
 19356 | Orc:2    | Bought a pair of glowing gloves for 150 gold pieces
 19368 | Orc:2    | Bought an ancient ring mail for 180 gold pieces
 19368 | Orc:2    | Identified the +0 ring mail of Greed {Fly Str+4 Int-3 SInv}
                  | (You bought it in a shop on level 2 of the Orcish Mines)
 19413 | Orc:2    | Found Nogok's Antique Weapon Boutique.
 19413 | Orc:2    | Found Xapryur's Distillery.
 19659 | Orc:2    | Learned a level 1 spell: Apportation
 19907 | Orc:1    | You are sucked into a shaft and drop 1 floor!
 19977 | Orc:1    | Reached XP level 16. HP: 87/87 MP: 11/25
 20282 | Shoals:1 | Entered Level 1 of the Shoals
 20288 | Shoals:1 | Reached skill level 10 in Armour
 20289 | Shoals:1 | Reached skill level 5 in Evocations
 20379 | Shoals:1 | Received a gift from Okawaru
 20421 | Shoals:1 | Reached skill level 5 in Throwing
 20888 | Shoals:1 | Received a gift from Okawaru
 21107 | Shoals:2 | Noticed Ilsuiw
 21121 | Shoals:2 | You are sucked into a shaft and drop 1 floor!
 21789 | Shoals:2 | Reached skill level 5 in Translocations
 21965 | Arena    | Entered the Arena
 21976 | Arena    | Killed Ilsuiw
 22170 | Shoals:2 | Found the +3 hat of Pondering {ponderous, Will+ MP+10
                  | Int+5}
 22176 | Shoals:2 | Received a gift from Okawaru
 22194 | Shoals:2 | Reached skill level 5 in Stealth
 22319 | Shoals:1 | Upgraded the game from 0.31-a0-875-g02e7d12df6 to
                  | 0.31-a0-876-gfe8ebadbca
 22571 | Shoals:3 | Noticed Polyphemus
 22840 | Spider:1 | Entered Level 1 of the Spider Nest
 23253 | Spider:1 | Reached XP level 17. HP: 92/92 MP: 11/26
 23325 | Spider:1 | Received a gift from Okawaru
 23673 | D:10     | Bought a pair of glowing boots for 202 gold pieces
 24762 | Spider:2 | Received a gift from Okawaru
 25644 | Spider:2 | Reached skill level 12 in Fighting
 26721 | Spider:3 | Received a gift from Okawaru
 26757 | Spider:4 | Entered Level 4 of the Spider Nest
 27099 | Spider:4 | Reached XP level 18. HP: 98/98 MP: 12/28
 27191 | Spider:4 | Noticed Mlioglotl
 27315 | Spider:3 | Upgraded the game from 0.31-a0-876-gfe8ebadbca to
                  | 0.31-a0-879-g1609e0ac53
 27328 | Spider:3 | Killed Mlioglotl
 27757 | Spider:4 | Received a gift from Okawaru
 28407 | Spider:4 | Got a gossamer rune of Zot
 28770 | Shoals:3 | Killed Polyphemus
 28770 | Shoals:3 | Received a gift from Okawaru
 29169 | Shoals:3 | Received a gift from Okawaru
 29310 | Shoals:3 | Identified the +0 animal skin "Imoirax" {Dex+5}
 29671 | Shoals:4 | Entered Level 4 of the Shoals
 30455 | Shoals:4 | Received a gift from Okawaru
 30541 | Shoals:4 | Reached XP level 19. HP: 103/103 MP: 12/29
 30824 | Shoals:4 | Reached skill level 13 in Fighting
 30877 | Shoals:4 | Identified the +7 shortbow of Nemelex Xobeh {freeze, Str+2}
 30998 | Shoals:4 | Identified the ring "Miefaado" {rElec rN+ Str+3 SInv}
 31043 | Shoals:4 | Got a barnacled rune of Zot
 31236 | Vaults:1 | Entered Level 1 of the Vaults
 31252 | Vaults:1 | You are sucked into a shaft and drop 1 floor!
 31292 | Vaults:2 | Reached skill level 5 in Dodging
 31318 | Vaults:2 | Received a gift from Okawaru
 31499 | Vaults:2 | Found a magical portal.
 31508 | WizLab   | Entered Wucad Mu's Monastery
 31795 | WizLab   | Identified the orb of Ycekhim {*Rage, rElec Str+7}
 31832 | WizLab   | Reached XP level 20. HP: 109/109 MP: 13/31
 32132 | Vaults:1 | Received a gift from Okawaru
 32711 | Vaults:1 | Found a runed translucent gate.
 32711 | Vaults:1 | Found a runed translucent gate.
 32711 | Vaults:1 | Found an ancient bone altar of Kikubaaqudgha.
 32711 | Vaults:1 | Noticed Woitib's ghost (adept GrFE)
 32711 | Vaults:1 | Noticed Joextigh's ghost (veteran KoHu)
 32711 | Vaults:1 | Noticed an ancient lich
 32712 | Vaults:1 | Found a runed translucent gate.
 32712 | Vaults:1 | Noticed Luiw's ghost (veteran HOBe)
 32752 | Vaults:1 | Found Xah Zaint's Book Shoppe.
 32779 | Vaults:1 | Bought a manual of Fighting for 1600 gold pieces
 33213 | Vaults:2 | Received a gift from Okawaru
 33694 | Vaults:2 | Found a staircase to the Crypt.
 33805 | Vaults:2 | Reached skill level 14 in Fighting
 33805 | Vaults:2 | Reached XP level 21. HP: 115/115 MP: 13/32
 34450 | Vaults:3 | Identified the +2 sling of Vengeance {freeze, rElec Dex+2}
 34659 | Vaults:3 | Received a gift from Okawaru
 35437 | Vaults:4 | Identified the +6 plate armour "Quatur" {Str-5 Dex+6
                  | Slay+6}
 35513 | Vaults:4 | Received a gift from Okawaru
 35523 | Vaults:4 | Identified the +4 quarterstaff of Gallantry {flame, rCorr}
 35987 | Vaults:4 | Reached skill level 15 in Fighting
 36591 | Depths:1 | Entered Level 1 of the Depths
 36612 | Depths:1 | Noticed Nikola
 36631 | Depths:1 | Killed Nikola
 36631 | Depths:1 | Received a gift from Okawaru
 36636 | Depths:1 | Gained mutation: You are dopey. (Int -2) [a cacodemon]
 36641 | Depths:1 | Noticed Mara
 36777 | Depths:1 | Identified the +1 glaive "Immuarch" {venom, rF+ Dex+4}
 36778 | Depths:1 | Lost intelligence.
 36826 | D:15     | Lost mutation: You are dopey. (Int -2) [potion of mutation]
 36826 | D:15     | Gained mutation: You are partially covered in iridescent
                  | scales. (AC +2) [potion of mutation]
 36826 | D:15     | Gained mutation: You have an increased reservoir of magic.
                  | (+10% MP) [potion of mutation]
 37083 | D:6      | Killed deremet's ghost
 37224 | D:9      | Killed Psyche
 37597 | Lair:1   | Killed gelatine's ghost
 37945 | Elf:1    | Entered Level 1 of the Elven Halls
 37989 | Elf:1    | Received a gift from Okawaru
 37989 | Elf:1    | Noticed Frances
 37990 | Elf:1    | Reached XP level 22. HP: 85/123 MP: 15/37
 38001 | Elf:1    | Killed Frances
 38147 | Elf:1    | Reached skill level 15 in Invocations
 38171 | Elf:1    | Got a graven book
 38176 | Elf:1    | Identified the +2 ring mail of the Alphagorgon {+Blink
                  | rElec rN+++ Str-4}
 38398 | Elf:1    | Noticed Aizul
 38410 | Elf:1    | Killed Aizul
 38676 | Elf:2    | Found Utahy's Book Boutique.
 38850 | Elf:2    | Received a gift from Okawaru
 38926 | Elf:2    | Reached skill level 16 in Fighting
 38945 | Elf:2    | Found a runed translucent gate.
 38946 | Elf:2    | Found a runed translucent gate.
 38946 | Elf:2    | Found a runed translucent gate.
 39198 | Elf:2    | Received a gift from Okawaru
 39340 | Elf:1    | Found a radiant altar of Vehumet.
 39593 | Elf:2    | Reached skill level 15 in Maces & Flails
 39719 | Elf:2    | Received a gift from Okawaru
 39755 | Elf:3    | Entered Level 3 of the Elven Halls
 39849 | Elf:3    | Found a frozen archway.
 39868 | IceCv    | Entered an ice cave
 39907 | IceCv    | HP: 5/126 [minotaur simulacrum (3)]
 39907 | IceCv    | HP: 2/126 [minotaur simulacrum (3)]
 39908 | IceCv    | Slain by a minotaur simulacrum

Illustrated notes

Levels and vault maps discovered:
D:1:      amcnicky_arrival_flooded_fountain, layout_loops_cross, serial_shops,
          shop
D:2:      layout_rooms, serial_shops, nicolae_shop_rolling_square,
          grunt_ministairs_14, st_stairs_11
D:3:      layout_basic, good_gods_mini_temple, nrook_campfire, st_stairs_7
D:4:      layout_cave_pools, chequers_serial_rivers_large_b,
          minmay_misc_feat_rows
D:5:      layout_loops_ring, ashenzari_altar_1, minmay_between
D:6:      layout_rooms, mainiacjoe_overflow_concentric_impassable,
          kennysheep_mini, ebering_ghost_rock_garden, roderic_serpentine_path,
          st_stairs_9, minmay_large_rounded_square
D:7:      old_forge, layout_basic, mainiacjoe_overflow_alcove_2, serial_shops,
          nicolae_shop_rolling_square, uniq_pikel
D:8:      minmay_the_grid_octo_tiled_squarecenter [minmay_the_grid_octo_clover,
          minmay_the_grid_octo_fat_diamond, minmay_the_grid_octo_checkerflower,
          minmay_the_grid_octo_shrine,
          minmay_the_grid_square_5x5_megaprize_diamond,
          minmay_the_grid_square_5x5_beaten_path,
          minmay_the_grid_square_5x5_misaligned,
          minmay_the_grid_square_5x5_checkered,
          minmay_the_grid_square_5x5_forky], layout_basic,
          nicolae_overflow_crystal_walls, serial_shops, shop, uniq_maurice
D:9:      gammafunk_the_bubble [the_bubble_gammafunk_roulette], layout_basic,
          grunt_ministairs_5, uniq_psyche
D:10:     layout_basic, chequers_temple_overflow_minitemple, lair_entry_dummy,
          serial_shops, shop, disabler_island, uniq_josephine
D:11:     layout_gridville, erik_orc_1, lightli_wizard_tower, uniq_harold
D:12:     layout_long_grid
D:13:     layout_basic, david_vaults_3, uniq_jorgrun, uniq_azrael, uniq_snorg
D:14:     layout_roguey, infiniplex_staircase_zigzag_2, grunt_ministairs_14
D:15:     grunt_enter_depths_hoard, layout_rooms, serial_corexii_hall,
          chequers_hall_statues_wall_a, corexii_hall_statues_t,
          corexii_hall_statues_l, serial_shops, shop, nicolae_diode_quadrants
Temple:   grunt_temple_mini_profane
Lair:1:   layout_chaotic_city, ebering_ghost_rock_garden, lemuel_fruit_tree,
          serial_bayou_shore_b, serial_bayou_shore_b, uniq_jeremiah
Lair:2:   layout_misc_corridors, columned_hall_lemuel,
          grunt_forest_large_clearings, infiniplex_staircase_pool_2
Lair:3:   layout_layer_cave, elwin_shoals_entry_rooms,
          nicolae_spider_entry_non_spiders, basic_altar, lemuel_oklob_altar,
          uniq_kirke
Lair:4:   layout_cave_pods, uniq_rupert
Lair:5:   hellmonk_lair_end_abyssal_woods, layout_hall_layers, slime_entry_2,
          basic_altar
Shoals:1: layout_shoals
Shoals:2: layout_shoals, nicolae_shoals_secluded_bog, uniq_ilsuiw
Shoals:3: argonaut_golden_fleece, layout_shoals, st_sunken_huts, uniq_polyphemus
Shoals:4: shoals_end_simple, layout_shoals,
          nicolae_shoals_beach_house_on_fowls_legs
Spider:1: layout_spider_delve
Spider:2: layout_chambers
Spider:3: layout_spider_delve, hive_lemuel
Spider:4: grunt_spider_rune_circles, nicolae_spider_some_kinda_spiderbox,
          uniq_mlioglotl
Orc:1:    layout_diamond_mine, basic_altar, nicolae_orc_damp_corner, uniq_fannar
Orc:2:    st_orc_town, layout_caves, chequers_guarded_unrand_ignorance
Elf:1:    elf_arrival_002, layout_loops_cross, minmay_elf_demonology,
          lemuel_upstairs_altar, uniq_aizul, uniq_frances
Elf:2:    nicolae_elf_blades_crystal_corner, layout_rooms, special_room
          [special_room_mythical_zoo], serial_shops, shop, grunt_megastairs_3
Elf:3:    elf_hall_gauntlet_narrow, layout_geoelf_diagonals,
          portal_ice_cave_entry_pillars_three, serial_shops, shop,
          serial_sigils_hangedman_etch
Vaults:1: gammafunk_ghost_crypt, v_pattern_3, nicolae_vaults_yaktaur_gun_rack,
          vaults_room_fours, v_misc_15, vaults_mumra_hexcomb,
          nicolae_vaults_more_shelving_1, ontoclasm_vaults_misaligned,
          ontoclasm_vaults_eye, nicolae_vaults_diamond_2,
          nicolae_vaults_trapezoid_4, nicolae_vaults_trapezoid_1,
          nicolae_vaults_little_squares_4, layout_vaults_maze, serial_shops,
          nicolae_shop_rolling_square
Vaults:2: mu_enter_wizlab_4, v_alt_pattern_1, minmay_crypt_entry_vampire_xt,
          hangedman_vaults_snaps, vaults_dpeg_hooks,
          nicolae_vaults_security_offices_6, ontoclasm_vaults_gateway,
          nicolae_vaults_octothorpe, nicolae_vaults_storage_room_glass,
          ontoclasm_vaults_bender, nicolae_vaults_alarming,
          layout_vaults_big_room
Vaults:3: nicolae_vaults_surprise_closet, grunt_vaults_funnel,
          nicolae_vaults_big_ls, nicolae_vaults_network_s,
          hangedman_vaults_stagger, vaults_mumra_hex,
          nicolae_vaults_ring_of_whatevers, layout_vaults_omnigrid
Vaults:4: nicolae_vaults_statue_guard, hangedman_vaults_stretched_pinwheel,
          nicolae_vaults_trapezoid_2, nicolae_vaults_steering_wheel,
          hangedman_vaults_slice, ontoclasm_vaults_spin,
          nicolae_vaults_variable_pillar_hall, vaults_room_stairs_pillars,
          vaults_standard_mumra_lines, ontoclasm_vaults_misaligned,
          nicolae_vaults_more_shelving_2, nicolae_vaults_network_barrier,
          nicolae_vaults_angled_halls, vaults_room_door_ring,
          layout_vaults_big_cross
Depths:1: layout_cave_pools, grunt_hell_entry_demonic_statue, serial_shops,
          nicolae_shop_hallway_plus, nicolae_ru_path_of_blood, roadster_trireme,
          uniq_mara, uniq_nikola
IceCv:    ice_cave_small_necro

Skill      XL: |  1  2  3  4  5  6  7  8  9 10 11 12 13 14 15 16 17 18 19 20 21 22 |
---------------+-------------------------------------------------------------------+-----
Maces & Flails | 2 3 4 5 6 7 8 9 10 11 12 13 14 15 | 15.0
Fighting       | 3 4 5 6 7 8 9 10 11 12 13 14 15 16 | 16.6
Shields        | 3 4 5 6 7 8 9 10 11 12 13 14 | 14.9
Armour         | 3 4 5 6 7 8 9 10 11 12 13 | 13.7
Poison Magic   | 1 2 3 4 |  4.1
Conjurations   | 1 2 3 4 |  4.0
Spellcasting   | 1 2 3 |  3.9
Fire Magic     | 1 2 3 |  3.9
Transmutations | 1 2 3 |  3.9
Invocations    | 1 2 4 5 6 8 9 10 11 12 13 14 15 | 15.5
Throwing       | 2 4 5 6 7 8 9 |  9.4
Evocations     | 2 4 5 6 |  6.0
Stealth        | 1 3 5 6 8 |  8.0
Translocations | 1 4 5 6 |  6.0
Dodging        | 2 3 4 5 6 7 |  7.4

Action                     |  1- 3 |  4- 6 |  7- 9 | 10-12 | 13-15 | 16-18 | 19-21 | 22-24 || total
---------------------------+-------+-------+-------+-------+-------+-------+-------+-------++-------
  Melee: Flail             |    63 |   154 |   219 |       |       |       |       |       ||   436
         Bite              |     7 |    33 |    90 |   203 |   521 |   816 |   679 |   173 ||  2522
         Whip              |       |       |   104 |   132 |       |       |       |       ||   236
         Demon whip        |       |       |       |   458 |  1322 |  1736 |  1259 |   332 ||  5107
  Throw: Dart              |       |     5 |    13 |       |       |   281 |     2 |       ||   301
         Boomerang         |       |       |     8 |    27 |   137 |   101 |    22 |       ||   295
   Cast: Apportation       |       |       |       |       |     2 |       |       |       ||     2
         Blink             |       |       |       |       |       |     5 |     1 |       ||     6
 Invoke: Heroism           |       |       |     2 |     3 |     4 |     3 |     1 |       ||    13
         Receive Armour    |       |       |       |     1 |       |       |       |       ||     1
         Duel              |       |       |       |       |       |     1 |       |       ||     1
         Finesse           |       |       |       |       |       |     1 |       |       ||     1
  Evoke: Wand              |       |       |       |    12 |     3 |    15 |     4 |       ||    34
         Condenser vane    |       |       |       |     1 |     2 |     3 |       |       ||     6
         Lightning rod     |       |       |       |       |     8 |    11 |     3 |       ||    22
    Use: Potion            |     1 |       |       |     2 |     2 |     5 |     4 |     5 ||    19
         Scroll            |       |       |     1 |    25 |    12 |    13 |     3 |     5 ||    59
   Stab: Paralysed         |       |       |       |     5 |       |       |       |       ||     5
         Confused          |       |       |       |       |     1 |       |       |       ||     1
         Petrified         |       |       |       |       |     3 |       |       |       ||     3
         Distracted        |       |       |       |       |       |     1 |     2 |       ||     3
         Sleeping          |       |       |       |       |       |     2 |     6 |       ||     8
 Armour: Scale mail        |    48 |    88 |   200 |   195 |   536 |   658 |   415 |       ||  2140
         Ring mail         |       |       |       |   130 |       |       |       |       ||   130
         Plate armour      |       |       |       |       |       |       |    23 |   101 ||   124
  Dodge: Dodged            |    33 |    60 |    93 |   153 |   256 |   245 |   233 |    46 ||  1119
  Block: Buckler           |    19 |    89 |   182 |   306 |   651 |       |       |       ||  1247
         Reflection        |       |     1 |       |    14 |    31 |    57 |    83 |    47 ||   233
         Tower shield      |       |       |       |       |    62 |  2010 |  1362 |   300 ||  3734

Table legend: (Time is in decaauts)
 A = Elapsed time spent in this place.
 B = Non-inter-level travel time spent in this place.
 C = Inter-level travel time spent in this place.
 D = Time resting spent in this place.
 E = Time spent auto-exploring this place.
 F = Levels seen in this place.
 G = Mean time per level.
                   A        B        C        D        E       F      G
               +--------+--------+--------+--------+--------+-----+--------+
         Total |  38262 |  34989 |   3273 |    971 |  24477 |  42 |  911.0 |
       Dungeon |  14227 |  12860 |   1367 |    134 |   9619 |  15 |  948.5 |
        Temple |     53 |      3 |     50 |      0 |      0 |   1 |   53.0 |
          Lair |   5488 |   4844 |    644 |     83 |   3889 |   5 | 1097.6 |
        Shoals |   4727 |   4356 |    371 |    261 |   2603 |   4 | 1181.8 |
   Spider Nest |   4986 |   4708 |    278 |    339 |   2723 |   4 | 1246.5 |
  Orcish Mines |   2018 |   1757 |    261 |    106 |   1050 |   2 | 1009.0 |
   Elven Halls |   1784 |   1687 |     97 |      1 |   1173 |   3 |  594.7 |
        Vaults |   4474 |   4273 |    201 |     28 |   3308 |   4 | 1118.5 |
        Depths |     66 |     66 |      0 |      0 |      6 |   1 |   66.0 |
      Ice Cave |     32 |     32 |      0 |      0 |      7 |   1 |   32.0 |
        Wizlab |    389 |    389 |      0 |     17 |     99 |   1 |  389.0 |
         Arena |     12 |     12 |      0 |      0 |      0 |   1 |   12.0 |
               +--------+--------+--------+--------+--------+-----+--------+

Top non-repeatable levels by time:
Spider:2: 1719 daAuts
  Lair:3: 1683 daAuts
     D:8: 1608 daAuts
   Orc:2: 1480 daAuts
Spider:4: 1429 daAuts
Shoals:3: 1250 daAuts
Shoals:2: 1231 daAuts
  Lair:5: 1220 daAuts
Vaults:4: 1209 daAuts
Shoals:4: 1189 daAuts
Vaults:2: 1183 daAuts
Vaults:3: 1167 daAuts
    D:13: 1148 daAuts
     D:7: 1125 daAuts
Spider:3: 1120 daAuts
